 Dungeon Crawl Stone Soup version 0.18.1-48-g4cf74bf (webtiles) character file.

36 meme the Ducker (level 3, 0/14 HPs)
             Began as a Felid Ice Elementalist on July 8, 2016.
             Succumbed to an adder's poison
             ... on level 3 of the Dungeon.
             The game lasted 00:07:02 (385 turns).

meme the Ducker (Felid Ice Elementalist)             Turns: 385, Time: 00:07:02

Health: 0/14       AC:  1    Str: 10    XL:     3   Next: 19%
Magic:  0/7        EV: 18    Int: 16    God:
Gold:   88         SH:  0    Dex: 16    Spells: 2 memorised, 3 levels left
                                        Lives:  0   Deaths: 0

rFire  . . .     SeeInvis +     (weapon unavailable)
rCold  . . .     Gourm    .     (armour unavailable)
rNeg   . . .     Faith    .     (shield unavailable)
rPois  .         Spirit   .     (helmet unavailable)
rElec  .         Dismiss  .     (cloak unavailable)
rCorr  .         Reflect  .     (gloves unavailable)
SustAt .         Harm     .     (boots unavailable)
MR     .....                    (no amulet)
Stlth  +++.......               (no ring)
                                (no ring)

@: mighty, lethally poisoned (0 -> -11), quick, not resistant to hostile
enchantments, fairly stealthy
A: no armour, no weapons or thrown items, claws 1, fangs 3, see invisible,
carnivore 3, speed 1, shaggy fur 1, slow metabolism 1, sharp paws
a: no special abilities


You were on level 3 of the Dungeon.
You were not hungry.

You visited 1 branch of the dungeon, and saw 3 of its levels.

You collected 88 gold pieces.

Inventory:

Scrolls
 c - 3 scrolls of identify
 e - a scroll of noise {unknown}
Potions
 f - a potion of mutation {unknown}
 g - 2 potions of agility {unknown}
 h - a potion of curing {unknown}
Books
 a - a book of Frost

   Spells                             Type                      Level
   a - Freeze                         Ice                          1
   b - Throw Frost                    Conjuration/Ice              2
   c - Ozocubu's Armour               Charms/Ice                   3
   d - Throw Icicle                   Conjuration/Ice              4
   e - Summon Ice Beast               Ice/Summoning                4
Comestibles
 b - a meat ration


   Skills:
 + Level 0.2 Fighting
 + Level 3.2 Dodging
 + Level 2.8 Stealth
 + Level 2.4 Spellcasting
 + Level 1.1 Conjurations
 + Level 3.1 Ice Magic


You had 3 spell levels left.
You knew the following spells:

 Your Spells              Type           Power        Failure   Level  Hunger
a - Freeze                Ice            ##..         8%          1    #......
b - Throw Frost           Conj/Ice       #.....       14%         2    ###....


Dungeon Overview and Level Annotations

Branches:
Dungeon (3/15)

Altars:
Pakellas


Innate Abilities, Weirdness & Mutations

You cannot wear armour.
You are incapable of wielding weapons or throwing items.
You have sharp claws.
You have razor-sharp teeth.
You have supernaturally acute eyesight.
You are carnivorous and can eat meat at any time.
You cover ground quickly.
You are covered in fur (AC +1).
You have a slow metabolism.
Your sharp claws are effective at attacking unaware monsters.


Message History

The adder is almost dead.
The adder bites you but does no damage. The adder misses you.
You scratch the adder but do no damage.
The adder is almost dead.
The adder barely misses you.
You closely miss the adder.
The adder is almost dead.
The adder bites you.
* * * LOW HITPOINT WARNING * * *
You are lethally poisoned!
The adder poisons you!
Eat which item? (? for menu, Esc to quit)
Okay, then.
Drink which item? (? for menu, Esc to quit)
Okay, then.
Read which item? (? for menu, Esc to quit)
Okay, then.
Drink which item? (? for menu, Esc to quit)
You feel very mighty all of a sudden.
You die...

♣≈P.........#
≈≈PP.###.##.#
♣♣P......##.#
≈♣P≈#######.# #
.≈≈.### #.# .#
P≈PP..# #.# .
P≈♣≈#.## #.#.## .#
P≈≈.#..##
#S#...###.#
P.≈≈....###.#
#@#o.#
#P.P......#.#####S#
###.#####.#....S..#
###.# .#########
....# # ###.# #.#
#.. ####


You could see an adder.

Vanquished Creatures
  2 adders (D:3)
  2 dart slugs (D:3)
  A bat (D:1)
  A giant cockroach (D:1)
  4 hobgoblins
  A giant newt (D:1)
  2 goblins
  A kobold (D:3)
  A rat (D:3)
15 creatures vanquished.

Notes
Turn   | Place    | Note
--------------------------------------------------------------
     0 | D:1      | meme the Felid Ice Elementalist began the quest for the Orb.
     0 | D:1      | Reached XP level 1. HP: 7/7 MP: 4/4
   125 | D:1      | Reached XP level 2. HP: 9/11 MP: 6/6
   187 | D:3      | Found an oddly glowing altar of Pakellas.
   218 | D:3      | Learned a level 2 spell: Throw Frost
   299 | D:3      | Reached skill level 1 in Conjurations
   348 | D:3      | Reached XP level 3. HP: 6/14 MP: 3/7
   385 | D:3      | Succumbed to an adder's poison

Skill      XL: |  1  2 |
---------------+-------+-----
Ice Magic      | 3 |  3.1
Dodging        | 3 |  3.2
Conjurations   | 1 |  1.1
Fighting       | |  0.2
Stealth        | |  2.8
Spellcasting   | |  2.4

Action                   || total
-------------------------++-------
Melee: Unarmed           ||    59
       Bite              ||     5
 Cast: Freeze            ||    11
       Throw Frost       ||     3
  Use: Scroll            ||     1
       Potion            ||     1
 Stab: Sleeping          ||     4
Armor: Skin              ||     3
Dodge: Dodged            ||    47
